Map: Ultralove

Players

SiLVeRLeAF - Winner!

  • Race: Terran Terran
  • League: Diamond
  • Spawn Location: 7:00

LigerMaNN

  • Race: Zerg Zerg
  • League: Diamond
  • Spawn Location: 1:00

VOD

Have the link to the VOD?

Description

Time

  • Played on: June 28, 2025, 2:45 p.m.
  • Length: 20:05
Show
View Real Time Build Order
Export as new Build Order

SiLVeRLeAF Terran - Winner!

Build Orders: Mech 

Get SALT Encoding   

  12  0:00  SCV  
  13  0:12  SCV  
  14  0:17  Supply Depot  
  14  0:26  SCV  
  15  0:30  Refinery  
  15  0:39  SCV  
  16  0:50  Barracks  
  16  0:52  SCV  
  17  1:04  SCV  
  18  1:16  SCV  
  19  1:28  SCV  
  20  1:37  Reaper  
  21  1:42  Command Center  
  21  1:54  Factory  
  21  1:58  Orbital Command  
  21  2:06  Supply Depot  
  21  2:10  Barracks Reactor  
  21  2:28  Bunker  
  21  2:31  SCV  
  22  2:43  SCV  
  23  2:47  Marine x2  
  23  2:50  Widow Mine  
  27  2:59  Orbital Command  
  27  3:11  Command Center  
  27  3:31  Hellion x2  
  31  3:37  Supply Depot  
  31  3:38  Supply Depot  
  31  3:42  SCV  
  31  3:44  SCV  
  33  3:49  Marine  
  33  3:54  SCV  
  35  3:56  Starport, SCV  
  35  4:02  Refinery  
  36  4:03  Supply Depot  
  36  4:05  Hellion  
  36  4:08  SCV  
  36  4:09  Hellion  
  41  4:11  SCV  
  42  4:18  Marine  
  42  4:20  SCV  
  42  4:23  SCV  
  45  4:26  SCV  
  46  4:32  SCV  
  46  4:33  Viking  
  46  4:35  SCV  
  46  4:37  Fusion Core  
  46  4:38  SCV  
  51  4:45  SCV  
  52  4:47  Refinery, SCV  
  52  4:50  SCV  
  54  4:53  Refinery  
  54  4:56  Hellion  
  54  4:57  SCV  
  54  4:59  SCV  
  58  5:00  Hellion  
  58  5:02  SCV  
  58  5:03  Starport Tech Lab  
  61  5:09  SCV  
  61  5:11  SCV  
  63  5:14  SCV  
  63  5:21  SCV  
  65  5:23  SCV  
  72  5:28  Battlecruiser  
  72  5:47  Weapon Refit  
  76  5:50  Hellion x2, SCV  
  77  6:02  Command Center, SCV  
  78  6:10  Factory  
  78  6:12  Factory  
  78  6:14  Factory  
  78  6:16  Supply Depot  
  78  6:19  Supply Depot  
  78  6:21  Engineering Bay  
  78  6:30  Armory  
  78  6:34  Armory  
  78  6:39  Supply Depot  
  78  6:41  SCV x2  
  78  6:42  Supply Depot  
  69  7:05  Supply Depot, Factory Tech Lab  
  69  7:06  Factory Tech Lab x2  
  69  7:07  Battlecruiser  
  69  7:08  Planetary Fortress  
  75  7:10  SCV x2  
  77  7:22  SCV x2  
  79  7:25  SCV  
  80  7:30  Refinery  
  80  7:32  Refinery  
  80  7:34  SCV x2  
  82  7:38  SCV  
  79  7:46  SCV x2  
  75  7:52  Siege Tank x3  
  75  7:53  Hellion x2  
  75  7:58  SCV  
  89  8:14  Hellion  
  89  8:15  Hellion  
  93  8:24  Hellion x2, Siege Tank  
  95  8:36  Hellion x2  
  95  8:38  Infernal Pre-Igniter  
  95  8:39  Drilling Claws, Smart Servos  
  99  8:43  Command Center  
  99  8:46  Hellion x2  
  103  8:49  Factory  
  103  8:52  Factory  
  103  8:54  Terran Vehicle Weapons Level 1  
  103  8:55  Terran Vehicle And Ship Armor Level 1  
  103  9:00  Siege Tank  
  106  9:04  SCV  
  106  9:05  SCV  
  108  9:14  Planetary Fortress  
  108  9:16  SCV  
  110  9:17  SCV  
  110  9:24  Hellion, Supply Depot x2, Siege Tank  
  113  9:25  Hellion x2  
  113  9:26  Supply Depot  
  113  9:29  SCV x2  
  113  9:30  Missile Turret  
  121  9:32  Missile Turret  
  121  9:33  Hellion  
  123  9:41  SCV x2  
  123  9:43  Supply Depot x2  
  123  9:44  Command Center  
  125  9:46  Factory Tech Lab x2  
  125  9:53  Missile Turret x2, SCV x2  
  125  9:58  Factory  
  125  9:59  Missile Turret  
  127  10:02  Neosteel Armor, Missile Turret x3  
  127  10:03  Missile Turret  
  127  10:06  Supply Depot  
  127  10:09  Siege Tank x2  
  127  10:11  Siege Tank  
  136  10:16  Missile Turret  
  136  10:22  Missile Turret  
  136  10:24  Hellion x2  
  136  10:25  Hellion, Widow Mine  
  150  10:35  Battlecruiser  
  150  10:42  Mag-Field Accelerator  
  150  10:43  Factory Tech Lab  
  150  10:50  SCV x3  
  153  11:02  SCV x3  
  156  11:14  SCV x3  
  156  11:15  Supply Depot  
  156  11:16  Supply Depot  
  159  11:26  SCV x2  
  159  11:27  Refinery, SCV  
  159  11:28  Planetary Fortress  
  159  11:29  Refinery  
  162  11:35  Missile Turret x2  
  162  11:37  Thor  
  162  11:38  SCV  
  162  11:39  Supply Depot  
  169  11:40  Missile Turret, Supply Depot  
  169  11:49  Raven  
  169  11:50  Terran Vehicle And Ship Armor Level 2, Terran Vehicle Weapons Level 2  
  171  11:56  Missile Turret  
  171  12:02  Thor x2, Missile Turret  
  171  12:07  Thor  
  162  12:31  Thor x2  
  162  12:33  Hellion x2  
  178  12:45  Cyclone x2  
  178  12:51  Hellion, Supply Depot  
  186  12:52  Supply Depot  
  186  12:55  Hellion  
  188  13:15  Siege Tank x3  
  188  13:19  Siege Tank  
  200  13:21  Planetary Fortress  
  200  13:26  Hi-Sec Auto Tracking  
  200  13:54  Refinery  
  200  13:57  Refinery  
  200  14:01  Siege Tank x5  
  200  14:02  Siege Tank  
  150  14:11  Hellion x2  
  154  14:17  Missile Turret  
  154  14:20  Missile Turret  
  154  14:32  Hellion x2  
  154  14:33  Siege Tank x4  
  154  14:34  Hellion, Siege Tank  
  154  14:37  Command Center  
  175  14:38  Missile Turret  
  175  14:42  Missile Turret  
  175  14:54  Hellion x2  
  175  14:55  Siege Tank  
  175  14:59  Missile Turret  
  182  15:04  Missile Turret  
  182  15:05  Thor x3  
  196  15:15  Hellion  
  196  15:18  Siege Tank  
  198  15:23  Hellion x2  
  197  15:53  Planetary Fortress  
  197  15:55  Missile Turret  
  197  16:15  Missile Turret  
  197  16:16  Command Center  
  197  16:35  Missile Turret  
  181  16:54  Missile Turret  
  181  16:58  Siege Tank x3  
  181  16:59  Siege Tank x3  
  181  17:00  Hellion x2  
  186  17:15  Missile Turret  
  186  17:16  Terran Vehicle Weapons Level 3  
  186  17:17  Terran Vehicle And Ship Armor Level 3  
  186  17:21  Hellion x2  
  190  17:31  Hellion x3  
  190  17:36  Missile Turret  
  196  17:39  Refinery  
  196  17:41  Refinery  
  192  17:49  Refinery  
  192  17:50  Refinery  
  192  17:51  Thor  
  192  17:52  Missile Turret  
  162  18:11  Cyclone x2  
  162  18:12  Cyclone x3  
  177  18:13  Missile Turret  
  177  18:14  Hellion x2, Missile Turret  
  177  18:15  Planetary Fortress  
  177  18:18  Missile Turret  
  181  18:35  Hellion, Siege Tank  
  181  18:39  Missile Turret  
  181  18:40  Supply Depot  
  186  18:44  Siege Tank x4  
  198  19:00  Starport  
  184  19:49  SCV  
  184  19:50  SCV  
  177  19:53  SCV  
Show
View Real Time Build Order
Export as new Build Order

LigerMaNN Zerg 

Build Orders: Hatch First 

Get SALT Encoding   

  12  0:01  Drone  
  13  0:12  Overlord  
  13  0:21  Drone  
  14  0:31  Drone  
  14  0:32  Drone  
  16  0:36  Drone  
  17  0:51  Hatchery  
  17  0:54  Drone  
  17  0:58  Drone  
  18  1:08  Extractor  
  17  1:14  Spawning Pool  
  17  1:16  Drone  
  17  1:20  Drone  
  18  1:28  Drone  
  19  1:39  Drone  
  20  1:49  Drone  
  21  2:00  Overlord  
  21  2:04  Queen x2  
  21  2:05  Zergling x2  
  26  2:15  Metabolic Boost  
  26  2:16  Zergling x2  
  26  2:17  Zergling x2  
  28  2:32  Hatchery  
  27  2:45  Queen  
  27  2:48  Drone x2  
  31  2:53  Overlord  
  31  2:59  Drone  
  31  3:00  Drone  
  31  3:02  Drone  
  31  3:05  Drone  
  35  3:10  Overlord  
  35  3:22  Drone x4  
  35  3:23  Drone  
  35  3:25  Drone  
  41  3:27  Drone  
  41  3:29  Drone  
  43  3:40  Overlord  
  43  3:44  Queen  
  43  3:47  Queen  
  47  3:52  Lair  
  47  3:56  Drone, Extractor  
  47  3:57  Drone  
  47  3:58  Drone  
  49  4:15  Drone x8  
  49  4:16  Drone  
  58  4:22  Overlord  
  58  4:23  Overlord  
  58  4:42  Zergling x12  
  64  4:48  Baneling Nest  
  64  4:49  Evolution Chamber  
  64  4:51  Evolution Chamber  
  61  5:01  Queen  
  61  5:02  Queen  
  61  5:05  Zergling x12  
  61  5:06  Zergling x6  
  74  5:17  Overlord x5  
  74  5:20  Overseer  
  74  5:29  Zerg Melee Weapons Level 1, Zerg Ground Armor Level 1  
  74  5:33  Extractor  
  74  5:35  Drone x3  
  76  5:37  Overlord x2  
  76  5:38  Zergling x2  
  76  5:39  Zergling x2  
  78  5:57  Centrifugal Hooks  
  78  5:58  Zergling x2  
  78  5:59  Zergling x22  
  89  6:24  Drone x9  
  98  6:28  Overlord x2  
  98  6:41  Hatchery  
  67  7:03  Zergling x4  
  67  7:04  Zergling x26  
  81  7:12  Queen  
  81  7:14  Hatchery  
  82  7:23  Spore Crawler  
  82  7:28  Spore Crawler  
  82  7:29  Spore Crawler  
  79  7:31  Spore Crawler  
  79  7:33  Baneling, Spore Crawler x2  
  79  7:34  Baneling x23  
  79  7:35  Baneling x6  
  69  8:00  Queen x3  
  57  8:35  Queen  
  57  8:36  Queen  
  57  8:37  Drone x8  
  57  8:38  Drone x3  
  57  8:40  Drone x12  
  57  8:41  Drone x2  
  86  9:00  Drone x3, Extractor  
  86  9:01  Drone x3  
  86  9:02  Extractor  
  90  9:05  Zerg Melee Weapons Level 2, Extractor  
  90  9:06  Zerg Ground Armor Level 2, Hydralisk Den  
  88  9:13  Infestation Pit  
  87  9:17  Queen  
  87  9:19  Queen  
  91  9:35  Muscular Augments  
  91  9:36  Hydralisk x7  
  105  9:39  Zergling x20  
  115  9:55  Hydralisk x5  
  115  9:56  Hydralisk  
  115  9:58  Zergling x4  
  129  10:13  Hatchery  
  128  10:15  Hydralisk  
  128  10:16  Hydralisk x4  
  128  10:18  Zergling x20  
  128  10:19  Zergling x2  
  149  10:26  Hive  
  149  10:33  Overlord x5  
  149  10:34  Overlord  
  149  10:39  Grooved Spines  
  149  11:08  Hydralisk x13  
  149  11:10  Zergling x18  
  184  11:15  Baneling  
  184  11:16  Baneling x5  
  184  11:18  Baneling  
  184  11:20  Baneling  
  184  11:25  Queen  
  186  11:37  Drone x4  
  190  11:50  Adrenal Glands  
  190  11:53  Zerg Melee Weapons Level 3  
  190  11:54  Zergling x10  
  190  11:55  Zergling x10  
  190  11:59  Spore Crawler x2  
  179  12:25  Zergling x54  
  179  12:26  Zergling x2  
  199  12:36  Zergling x4  
  199  12:48  Baneling  
  199  12:49  Baneling x24  
  199  12:50  Baneling x13  
  189  13:00  Zergling x4  
  189  13:01  Zergling x16  
  197  13:24  Ultralisk Cavern  
  132  14:11  Zergling x40  
  132  14:12  Zergling x36  
  169  14:19  Chitinous Plating  
  169  14:26  Spire  
  169  14:27  Zerg Ground Armor Level 3  
  169  14:30  Baneling x9, Zerg Missile Weapons Level 1  
  169  14:31  Baneling x16  
  168  14:40  Drone, Extractor  
  168  14:41  Drone x2, Extractor  
  168  14:42  Drone x3  
  106  15:32  Pneumatized Carapace  
  106  15:35  Ultralisk x3  
  124  15:36  Ultralisk x2  
  124  15:37  Anabolic Synthesis  
  124  15:38  Zergling x32  
  124  15:39  Zergling x46  
  175  15:48  Extractor  
  175  15:49  Extractor  
  173  15:59  Hydralisk x9  
  173  16:01  Hydralisk  
  193  16:07  Zerg Flyer Weapons Level 1  
  166  16:40  Baneling  
  166  16:41  Baneling x13  
  166  16:42  Baneling  
  92  17:04  Ultralisk x4  
  92  17:05  Zergling x2  
  92  17:06  Zergling x28  
  92  17:07  Zergling x2  
  123  17:27  Hydralisk x8  
  112  18:05  Corruptor x6  
  106  18:06  Corruptor  
  106  18:07  Corruptor  
  110  18:54  Hatchery  
  109  19:04  Ultralisk x4  
  109  19:05  Ultralisk  
  139  19:13  Baneling x6  
  139  19:14  Baneling x2  
  139  19:15  Baneling  
  139  19:17  Baneling  
  139  19:18  Baneling  
  139  19:22  Zergling x6  
  139  19:23  Overlord  
  142  19:26  Overlord  
  142  19:29  Overlord  
Tags
 
Composition
Mech
Matchup
TvZ
Replay Pack
June 2025
Spawn Locations
Cross Positions
Add a new tag
Caveats
  • Supply blocks, unpowered buildings, or Contaminate may cause inaccurate times.
  • Supply counts are checked every 10 seconds.